 Dungeon Crawl Stone Soup version 0.31-a0-424-g41b3b0883d (webtiles) character file.

Game seed: 3108195069679584525

3815 AdnanSaban the Basher (level 10, -20/61 HPs)
             Began as a Gargoyle Fighter on July 29, 2023.
             Killed from afar by a gargoyle (23 damage)
             ... with a stone arrow
             ... on level 8 of the Dungeon.
             The game lasted 00:08:24 (7855 turns).

AdnanSaban the Basher (Gargoyle Fighter)            Turns: 7855, Time: 00:08:25

Health: -20/61     AC: 26    Str: 25    XL:     10   Next: 17%
Magic:  10/10      EV: 10    Int:  8    God:
Gold:   370        SH: 11    Dex: 15    Spells: 9/9 levels left

rFire   . . .        n - +1 whip (drain)
rCold   . . .        A - +5 buckler of Distant Worlds {Will+}
rNeg    + . .        i - +0 chain mail
rPois   ∞            (no helmet)
rElec   +            G - +0 cloak
rCorr   .            N - +0 pair of gloves
SInv    .            o - +0 pair of boots
Will    +....        (no amulet) Stlth
                     m - +4 ring of protection
HPRegen 0.30/turn    u - +6 ring of dexterity
MPRegen 0.12/turn

%: no passive effects
@: no status effects
A: sickness immunity, AC +7, negative energy resistance 1, electricity
resistance, torment resistance 1, petrification resistance
a: no special abilities


You were on level 8 of the Dungeon.
You visited 2 branches of the dungeon, and saw 9 of its levels.
You also visited: Sewer.

You collected 370 gold pieces.

Inventory:

Hand Weapons
 n - a +1 whip of draining (weapon)
 O - a +2 flail
Missiles
 b - 28 poisoned darts
 f - 67 stones (quivered)
 p - 2 curare-tipped darts
Armour
 i - a +0 chain mail (worn)
 o - a +0 pair of boots (worn)
 A - the +5 buckler of Distant Worlds (worn) {Will+}
   (You took it off an orc on level 4 of the Dungeon)

   Will:      It increases your willpower.
 G - a +0 cloak (worn)
 H - a +0 tower shield
 N - a +0 pair of gloves (worn)
Jewellery
 m - a +4 ring of protection (left hand)
 u - a +6 ring of dexterity (right hand)
Wands
 y - a wand of polymorph (6)
 z - a wand of mindburst (6)
 F - a wand of flame (61)
 J - a wand of paralysis (11)
 K - a wand of roots (10)
 P - a wand of digging (5)
Scrolls
 a - 3 scrolls of enchant armour {unknown}
 g - 2 scrolls of poison {unknown}
 h - 5 scrolls of teleportation {unknown}
 j - 5 scrolls of identify {unknown}
 k - a scroll of fear {unknown}
 q - a scroll of vulnerability {unknown}
 s - a scroll of amnesia {unknown}
 t - a scroll of enchant weapon {unknown}
 v - 2 scrolls of immolation {unknown}
 w - a scroll of revelation {unknown}
 D - a scroll of silence {unknown}
 I - 2 scrolls of fog {unknown}
 M - a scroll of noise {unknown}
Potions
 c - 4 potions of haste {unknown}
 d - 3 potions of might
 e - 3 potions of attraction {unknown}
 l - 5 potions of curing {unknown}
 r - a potion of enlightenment {unknown}
 x - 4 potions of heal wounds {unknown}
 B - a potion of invisibility {unknown}
 C - 3 potions of mutation {unknown}
 E - a potion of cancellation {unknown}
 L - 2 potions of resistance {unknown}
 Q - a potion of lignification {unknown}


   Skills:
 + Level 6.5 Fighting
 + Level 8.6 Maces & Flails
 + Level 8.0 Armour
 + Level 3.0 Dodging
 + Level 8.6 Shields


You had 9 spell levels left.
You didn't know any spells.
Your spell library contained the following spells:

 Spells                   Type           Power      Damage    Failure   Level
 Magic Dart               Conj           0%         1d3       91%         1
 Sandblast                Erth           0%         2d4       91%         1
 Call Imp                 Summ           0%         N/A       97%         2
 Passwall                 Tmut/Erth      0%         N/A       97%         2
 Mephitic Cloud           Conj/Pois/Air  0%         N/A       100%        3
 Stone Arrow              Conj/Erth      0%         3d7       100%        3


Dungeon Overview and Level Annotations

Branches:
Dungeon (8/15)             Temple (1/1) D:6           Sewer (visited)
   Lair: D:8-11

Altars:
Ashenzari
Cheibriados
Dithmenos
Elyvilon
Fedhas
Gozag
Hepliaklqana
Kikubaaqudgha
Makhleb
Okawaru
Qazlal
Ru
Sif Muna
Trog
Uskayaw
Vehumet
Wu Jian
Xom
Zin
The Shining One

Shops:
D:5 (

Annotations:
D:3 4 runed translucent doors, Crazy Yiuf; Nr616's ghost, amateur OpSh; temujin's ghost, amateur DECj


Innate Abilities, Weirdness & Mutations

You are immune to sickness and miasma.
Your stone body is resilient. (AC +7)
You are immune to poison.
You resist negative energy. (rN+)
You are resistant to electric shocks. (rElec)
You are resistant to unholy torment.
You are immune to petrification.


Message History

You are too injured to fight recklessly!
You are too injured to fight recklessly!
You are too injured to fight recklessly!
You are too injured to fight recklessly!
You are too injured to fight recklessly!
You are too injured to fight recklessly!
You are too injured to fight recklessly!
You are too injured to fight recklessly!
You are too injured to fight recklessly!
You are too injured to fight recklessly!
You are too injured to fight recklessly!
You are too injured to fight recklessly!
You are too injured to fight recklessly!
You are too injured to fight recklessly!
You are too injured to fight recklessly!
You are too injured to fight recklessly!
You are too injured to fight recklessly!
You are too injured to fight recklessly!
You are too injured to fight recklessly!
You barely miss the gargoyle.
The gargoyle is heavily damaged.
The gargoyle hits you with a +0 flail!
You completely miss the gargoyle.
The gargoyle is heavily damaged.
You hit the gargoyle but do no damage.
The gargoyle is heavily damaged.
The gargoyle hurls a stone arrow at you.
You block the stone arrow.
You completely miss the gargoyle.
The gargoyle is heavily damaged.
The gargoyle hurls a stone arrow at you.
The stone arrow hits you!
* * * LOW HITPOINT WARNING * * *
You hit the gargoyle but do no damage.
The gargoyle is heavily damaged.
You hit the gargoyle but do no damage.
The gargoyle is heavily damaged.
The gargoyle hurls a stone arrow at you.
The stone arrow hits you!!
You die...

.......
#.......y.$.####
.......
......yy9y......
......#
########.##....#
....#.# #.#......
....# .
########...#
....###
#......#..##
.......
#.####....# ...###
###.##<#.9.## ...#
#.......@..# .###
#.#.#....#.# .##
#####.#.#..#.#...
..#
#..........#.#####
#.# #.#.....#..#..
#.#
#.#.....#..####
#.###.....#.#..#
#..............#
##......#.#..#.


You could see a gargoyle.

Vanquished Creatures
  A troll (D:7)
  Sigmund (D:3)
  A steam dragon (D:7)
  Edmund (D:4)
  3 water moccasins
  A sky beast (D:6)
  2 black bears
  4 ogres
  2 ice beasts
  A centaur (D:6)
  2 phantoms
  A kobold brigand (D:8)
  2 bullfrogs
  4 scorpions
  3 wights (D:7)
  6 killer bees
  4 jellies
  An orc priest (D:4)
  2 hounds
  A sleepcap (D:4)
  2 iguanas
  Terence (D:2)
  12 orc wizards
  15 adders
  7 gnolls
  3 river rats (Sewer)
  2 shadow imps
  A white imp (D:6)
  2 worms
  2 dart slugs
  24 orcs
  9 bats
  5 endoplasms
  2 giant cockroaches (D:4)
  7 hobgoblins
  6 jackals
  7 quokkas
  13 ball pythons
  2 frilled lizards
  9 goblins
  23 kobolds
  24 rats
221 creatures vanquished.

Notes
Turn   | Place    | Note
-------+----------+-------------------------------------------
     0 | D:1      | AdnanSaban the Gargoyle Fighter began the quest for the
                  | Orb.
     0 | D:1      | Reached XP level 1. HP: 14/14 MP: 1/1
   235 | D:1      | Reached XP level 2. HP: 19/19 MP: 2/2
   717 | D:1      | Reached XP level 3. HP: 22/23 MP: 3/3
  1119 | D:2      | Found a faded altar of an unknown god.
  1203 | D:2      | Reached XP level 4. HP: 29/29 MP: 4/4
  1342 | D:2      | Noticed Terence
  1359 | D:2      | Killed Terence
  1577 | D:2      | Reached XP level 5. HP: 25/33 MP: 5/5
  1744 | D:2      | Found a shadowy altar of Dithmenos.
  2148 | D:3      | Noticed Sigmund
  2191 | D:3      | Killed Sigmund
  2192 | D:3      | Reached skill level 5 in Armour
  2192 | D:3      | Reached skill level 1 in Dodging
  2192 | D:3      | Reached XP level 6. HP: 10/38 MP: 6/6
  2550 | D:3      | Found a runed translucent door.
  2551 | D:3      | Noticed Crazy Yiuf
  2652 | D:3      | Found a runed translucent gate.
  2652 | D:3      | Found a runed translucent gate.
  2652 | D:3      | Found a runed translucent gate.
  2653 | D:3      | Noticed Nr616's ghost (amateur OpSh)
  2654 | D:3      | Noticed temujin's ghost (amateur DECj)
  2655 | D:3      | Found the +7 staff of the Meek {protect, meekguard}
  2954 | D:3      | Reached XP level 7. HP: 37/44 MP: 7/7
  3480 | D:4      | Identified the +5 buckler of Distant Worlds {Will+}
  3509 | D:4      | Reached skill level 5 in Shields
  3741 | D:4      | Found Duass's Vocational Training.
  3762 | D:4      | Reached skill level 5 in Maces & Flails
  3828 | D:4      | Found a glowing drain.
  3847 | Sewer    | Entered a sewer
  4038 | Sewer    | Reached XP level 8. HP: 48/48 MP: 8/8
  4169 | Sewer    | Reached skill level 5 in Fighting
  4603 | D:4      | Noticed Edmund
  4649 | D:4      | Killed Edmund
  4912 | D:5      | Entered Level 5 of the Dungeon
  5359 | D:5      | Found a glowing golden altar of the Shining One.
  5402 | D:5      | Found Subepliw's Weapon Emporium.
  5601 | D:5      | Reached XP level 9. HP: 38/54 MP: 9/9
  5818 | D:4      | Found a stormy altar of Qazlal.
  5873 | D:6      | Found a hide-covered altar of Uskayaw.
  5889 | D:6      | Found a staircase to the Ecumenical Temple.
  6010 | Temple   | Entered the Ecumenical Temple
  6407 | D:6      | Found an iron altar of Okawaru.
  6846 | D:7      | Noticed a troll
  6855 | D:7      | Killed a troll
  7406 | D:8      | Reached XP level 10. HP: 56/61 MP: 10/10
  7720 | D:8      | Noticed a gargoyle
  7853 | D:8      | HP: 2/61 [gargoyle/stone arrow (17)]
  7855 | D:8      | Killed from afar by a gargoyle

Illustrated notes

Levels and vault maps discovered:
D:1:      sevenhm_arrival_forest_fort_small_5, layout_basic,
          hangedman_decor_push
D:2:      layout_basic, serial_rivers, chequers_serial_rivers_small_3,
          chequers_serial_rivers_small_b, chequers_serial_rivers_large_b,
          chequers_serial_rivers_micro_a, chequers_serial_rivers_small_3,
          chequers_serial_rivers_micro_c, chequers_ecumenical_altar_island,
          basic_altar, uniq_terence
D:3:      wad_lake_hut, layout_basic, gammafunk_ghost_cemetery, uniq_sigmund,
          uniq_crazy_yiuf_cottage
D:4:      layout_rooms, nicolae_overflow_hidden_temple, gup_sewer_entry_pipe,
          serial_curves, eino_curves_01, eino_curves_01, eino_curves_01,
          nicolae_shop_vocational, uniq_edmund
D:5:      minmay_bubble_buster, layout_basic, mainiacjoe_overflow_brackets,
          serial_shops, nicolae_shop_just_a_little_nook
D:6:      hellmonk_ruined_rings, layout_loops_cross,
          mainiacjoe_overflow_24_doors, nicolae_uskayaw_suspiria,
          minmay_temple_entry_offerings, minmay_microvault
D:7:      layout_rooms, hex_intersection
D:8:      layout_basic, nemelex_spade_bored_becter
Temple:   nicolae_temple_superstar

Skill      XL: |  1  2  3  4  5  6  7  8  9 10 |
---------------+-------------------------------+-----
Maces & Flails | 3 4 5 6 8 |  8.6
Armour         | 4 5 6 7 8 |  8.0
Shields        | 4 5 6 8 |  8.6
Fighting       | 4 5 6 |  6.5
Dodging        | 1 2 3 |  3.0

Action                     |  1- 3 |  4- 6 |  7- 9 | 10-12 || total
---------------------------+-------+-------+-------+-------++-------
  Melee: Flail             |   122 |    29 |       |       ||   151
         Whip              |       |   220 |   648 |   111 ||   979
 Armour: Scale mail        |    36 |       |       |       ||    36
         Chain mail        |    70 |   193 |   332 |    76 ||   671
  Dodge: Dodged            |    57 |   132 |   200 |    49 ||   438
  Block: Buckler           |    30 |    67 |   276 |    96 ||   469

Table legend: (Time is in decaauts)
 A = Elapsed time spent in this place.
 B = Non-inter-level travel time spent in this place.
 C = Inter-level travel time spent in this place.
 D = Time resting spent in this place.
 E = Time spent auto-exploring this place.
 F = Levels seen in this place.
 G = Mean time per level.
                   A        B        C        D        E       F      G
               +--------+--------+--------+--------+--------+-----+--------+
         Total |   7870 |   7521 |    349 |    222 |   5434 |  10 |  787.0 |
       Dungeon |   7231 |   6882 |    349 |    222 |   5042 |   8 |  903.9 |
        Temple |      1 |      1 |      0 |      0 |      0 |   1 |    1.0 |
         Sewer |    637 |    637 |      0 |      0 |    392 |   1 |  637.0 |
               +--------+--------+--------+--------+--------+-----+--------+

Top non-repeatable levels by time:
     D:3: 1190 daAuts
     D:1: 1102 daAuts
     D:2: 1071 daAuts
     D:4: 1038 daAuts
     D:5: 917 daAuts
     D:7: 784 daAuts
     D:6: 752 daAuts
   Sewer: 637 daAuts
     D:8: 373 daAuts
  Temple: 1 daAuts
